Merlek, neutral female valkyrie Shieldmaiden | |..` | |....| |....| |H...| |@...| |gQ<.| |....| |....| |....| |...}| | | Merlek the Shieldmaiden Experience level: 12 Strength: 18/21 Dexterity: 15 Constitution: 18 Intelligence: 9 Wisdom: 7 Charisma: 9 Health: 0(99) Energy: 35(35) Def: 14 Gold: 0 Moves: 19697 Dungeon seed [set]: Game ID: Merlek_1695734898 Your Inventory: Weapons a - a blessed +2 long sword named Sword of Torment A - 2 uncursed +0 dwarvish spears (in quiver) Armor q - an uncursed +0 pair of leather gloves (being worn) r - an uncursed +0 Hawaiian shirt (being worn) y - an uncursed +0 pair of speed boots (being worn) z - an uncursed -2 shield of reflection (being worn) N - an uncursed +0 elven mithril-coat (being worn) Y - an uncursed greased +0 dwarvish iron helm (being worn) Rings O - an uncursed ring of polymorph control (on right hand) V - an uncursed ring of shock resistance (on left hand) Wands c - a cursed wand of cold (0:4) j - an uncursed wand of cancellation (0:4) m - a cursed wand of striking (0:7) o - an uncursed wand of teleportation (0:5) F - an uncursed wand of digging (0:7) G - a cursed wand of sleep (0:5) J - a cursed wand of make invisible (0:6) P - an uncursed wand of make invisible (0:1) U - an uncursed wand of fire (0:5) Tools h - an uncursed +0 unicorn horn i - a cursed tooled horn k - an uncursed iron key named cold fire poison shock l - a blessed magic lamp (lit) s - an uncursed stethoscope u - an uncursed horn of plenty (0:1) x - an uncursed +0 pick-axe (weapon in hand) C - an uncursed mirror I - a blessed bag of holding L - a blessed magic lamp X - an uncursed blindfold Gems E - a blessed luckstone Contents of the bag of holding: 355 gold pieces a [cursed] [-2] elven dagger a [uncursed] [+0] elven dagger an uncursed [+0] silver saber 3 cursed +2 spears an uncursed [+0] mummy wrapping 2 uncursed food rations 2 uncursed lembas wafers an uncursed lizard corpse 2 uncursed sprigs of wolfsbane an uncursed tripe ration a blessed scroll [of charging] labeled GARVEN DEH called garven 3 a blessed scroll [of consecration] labeled PRATYAVAYAH called prarya 3 an uncursed scroll [of destroy armor] labeled YUM YUM called yum 1 an uncursed scroll [of enchant weapon] labeled ETAOIN SHRDLU called etaoin 6 a cursed scroll [of gold detection] labeled THARR called tharr 1 2 uncursed scroll [of scare monster]'s labeled KIRJE called scare 4 blessed unlabeled scroll [of blank paper]'s 19 uncursed unlabeled scroll [of blank paper]'s 6 cursed unlabeled scroll [of blank paper]'s an uncursed brown potion [of booze] called booze a blessed bubbly potion [of confusion] an uncursed cyan potion [of levitation] 3 uncursed foaming potion [of object detection]'s called object detection 4 potions of holy water a blessed viscous potion [of sight] an uncursed bronze ring [of conflict] an uncursed ceramic ring [of see invisible] an uncursed ceramic ring [of see invisible] an uncursed copper ring [of protection from shape changers] a cursed [-4] emerald ring [of increase accuracy] an uncursed ring of teleport control an uncursed tiger eye ring [of sustain ability] a cursed wedding ring [of aggravate monster] an uncursed wand of light [0:13] an uncursed wand of sleep [0:7] an uncursed wand of sleep [0:6] an uncursed wand of speed monster [0:3] an uncursed very rusty wand of speed monster [0:4] a cursed wand of teleportation [0:5] an uncursed can of grease [0:0] a cursed expensive camera [0:78] a cursed mirror an uncursed tinning kit [0:88] Spells and supernatural/magical abilities: Name Level Category Fail Memory a - force bolt 1 attack 100% 21% b - cause fear 3 enchantment 100% 38% c - slow monster 1 enchantment 100% 55% W - pray for help -- divine ? -- Your skills at the end: Miscellaneous Skills shield [Master] wands [Basic] stealth [Basic] Weapon Skills dagger [Basic] long sword [Skilled] spear [Skilled] Spellcasting Skills Final Attributes: You had strayed. You were fire resistant. You were cold resistant. You were shock resistant. You were poison resistant. Your writing hand was ok. You were stealthy. You could fly. You had polymorph control. You were very fast. You had reflection. You were lucky. You had extra luck. Good luck did not time out for you. You are dead. Vanquished creatures: a white dragon a storm giant a young yellow dragon an aligned priest a lich a nurse a lurker above 4 black puddings 7 ghosts a lieutenant a watch captain 2 queen bees 3 giant mimics 2 fire giants a rock troll a flesh golem 3 large mimics a long worm a stalker a fire elemental a water elemental 2 hill giants a black naga an elf-lord a sergeant 4 wargs a winter wolf 2 quantum mechanics 5 small mimics a xan an ogre lord 4 trolls a brown bear 3 sasquatches a wood golem 2 pyrolisks 2 stinking spheres 3 freezing spheres a flaming sphere a gelatinous cube an ochre jelly a crocodile a chameleon a leocrotta 2 energy vortices 2 mountain centaurs 2 giants a human mummy a red naga a cobra a black bear 2 wraiths 4 watchmen an incubus a giant beetle 2 cockatrices 6 wolves 8 winter wolf cubs a gremlin 25 leprechauns 3 quivering blobs 6 lizards 4 orc-captains a giant spider an iron piercer 2 horses 3 vampire bats 2 forest centaurs 3 gnome kings 8 piranhas 2 orc mummies 4 ogres 2 brown puddings 2 rust monsters 3 owlbears a yeti 2 dogs 2 dingos 2 jaguars 4 dwarf lords 3 blue jellies 3 water nymphs a white unicorn a dust vortex 2 ravens 4 plains centaurs 2 gnome mummies 6 Woodland-elves a human zombie 3 fire ants 3 yellow lights 31 bugbears 2 imps 2 baby crocodiles 3 wood nymphs 9 Mordor orcs 14 Uruk-hai a rock piercer 3 fog clouds 7 shriekers a violet fungus 24 gnome lords 10 gnomish wizards a red naga hatchling a guardian naga hatchling 2 gray oozes a barrow wight an elf zombie a straw golem a paper golem a giant ant 2 puppies 2 floating eyes 2 kittens 20 dwarves a quasit 5 kobold lords 4 kobold shamans 5 iguanas 4 hill orcs 10 rothes a rabid rat 6 jitterbugs 2 giant bats 2 orc zombies 7 dwarf zombies a wererat a werejackal 38 killer bees a coyote 4 gas spores 11 hobbits 14 large kobolds 11 geckos 27 hobgoblins 3 giant rats 20 cave spiders 2 brown molds 5 yellow molds 2 green molds 4 red molds 55 gnomes 16 garter snakes 4 manes 3 gnome zombies 7 jackals 4 foxes a kobold 5 newts 16 goblins 2 sewer rats 13 grid bugs 10 lichens 3 kobold zombies 695 creatures vanquished. Voluntary challenges: You did not cause conflict. You were not invisible. You did not have reflection until turn 17552. You did not donate to any temples.. You used a wielded weapon 1356 times, starting on turn 337. You did not use sinks. You read items or engraved 21 times, starting on turn 612. You never genocided any monsters. You never polymorphed an object. You never changed form. You completed Sokoban on turn 7130, according to the rules. You used no wishes. You did not use any artifacts. You split 4 puddings, starting on turn 4611. You never wrote Elbereth's name. You violated your moral code, losing 35 points of alignment, starting on turn 970. Dungeon overview: The Dungeons of Doom: levels 1 to 21 Level 1 a vault, some fountains a long staircase Level 2 (vault) a vault, some fountains Level 3 stairs to The Gnomish Mines Level 4 (vault - cleared) an empty vault Level 5 Level 6 some fountains Level 7 some fountains Level 8 a fountain Level 9 a sink stairs to Sokoban Level 10 Level 11 (some potions) Level 12 (vault) a vault, some fountains Level 13 Level 14 a fountain Level 15 Level 16 (non-id 300 ring in shop bronze) a jewelry store Level 17 ( ) Level 18 a sink Level 19 (vault - cleared) a vault, a fountain Level 20 (TITAN+MEDUSA BELOW INVISIBLE LICH?) a fountain Level 21 <- You were here The Gnomish Mines: levels 4 to 12 Level 4 stairs to The Dungeons of Doom Level 5 Level 6 (17k) many shops, a temple to Odin, a magic chest, some fountains Level 7 Level 8 (horn of plenty) Level 9 (tinning kit) Level 10 Level 11 Level 12 a fountain Sokoban: levels 5 to 8 Level 5 a magic chest Level 6 Level 7 Level 8 (stash in magic chest) a magic chest stairs to The Dungeons of Doom History has recorded: On T:1 you entered the Dungeons of Doom to retrieve the Amulet of Yendor! On T:262 you reached level 2 of The Dungeons of Doom. On T:337 you advanced to experience level 2. On T:544 you reached level 3 of The Dungeons of Doom. On T:685 you advanced to experience level 3. On T:697 you reached level 4 of The Dungeons of Doom. On T:810 you reached level 1 of The Gnomish Mines. On T:849 you advanced to experience level 4. On T:994 you advanced to experience level 5. On T:1131 you reached level 2 of The Gnomish Mines. On T:1398 you reached level 3 of The Gnomish Mines. On T:1419 you entered the Minetown temple On T:1433 you advanced to experience level 6. On T:2078 you reached level 5 of The Dungeons of Doom. On T:2614 you advanced to experience level 7. On T:2955 you reached level 7 of The Dungeons of Doom. On T:3046 you reached level 8 of The Dungeons of Doom. On T:3134 you advanced to experience level 8. On T:3889 you reached level 4 of The Gnomish Mines. On T:4066 you reached level 5 of The Gnomish Mines. On T:4165 you reached level 6 of The Gnomish Mines. On T:4191 you advanced to experience level 9. On T:4402 you reached level 7 of The Gnomish Mines. On T:4563 you reached level 8 of The Gnomish Mines. On T:4775 you reached level 9 of The Gnomish Mines. On T:4775 you reached the bottom of the Mines. On T:5478 you reached level 9 of The Dungeons of Doom. On T:5532 you reached level 4 of Sokoban. On T:5711 you advanced to experience level 10. On T:5861 you reached level 3 of Sokoban. On T:6258 you reached level 2 of Sokoban. On T:6638 you reached level 1 of Sokoban. On T:7130 you advanced to experience level 11. On T:7130 you entered the Sokoban zoo. On T:7498 you reached level 10 of The Dungeons of Doom. On T:8403 you reached level 11 of The Dungeons of Doom. On T:8733 you reached level 12 of The Dungeons of Doom. On T:8941 you reached level 13 of The Dungeons of Doom. On T:9076 you reached level 14 of The Dungeons of Doom. On T:9241 you reached level 15 of The Dungeons of Doom. On T:9241 you entered the Rogue tribute level. On T:9393 you reached level 16 of The Dungeons of Doom. On T:9689 you reached level 17 of The Dungeons of Doom. On T:9829 you reached level 18 of The Dungeons of Doom. On T:10734 you reached level 19 of The Dungeons of Doom. On T:11089 you reached level 20 of The Dungeons of Doom. On T:11288 you advanced to experience level 12. On T:13410 you prayed to Odin. On T:13936 you opened a magic chest. On T:15817 you reached level 21 of The Dungeons of Doom. On T:19697 you prayed to Odin. Score breakdown: Gold: 355 ( 35 points) Experience: 12 levels ( 1100 points) Exploration: 21 levels ( 600 points) Discoveries: 43 items ( 2000 points) Variety of kills: 154 monsters ( 2000 points) Major goal: Sokoban/Mines ( 1500 points) Survival: died (score multiplied by 3) Total score: 21705 Latest messages: The titan punches you! The titan points at you, then curses. You hit the titan. The Woodland-elf swings her elven broadsword at you. The Woodland-elf hacks you! The titan punches you! The titan points all around, then curses. You miss the titan. You hit the titan. The Woodland-elf swings her elven broadsword at you. The Woodland-elf just misses! The titan punches you! The titan casts a spell! You feel that monsters are aware of your presence. The gremlin claws you! (2x) The gremlin misses. The gremlin claws you! You hit the titan. The titan punches you! The titan points at you, then curses. You begin praying to Odin. The Woodland-elf swings her elven broadsword at you. The Woodland-elf just misses! The titan punches you! You die... Final status: Goodbye Merlek the Shieldmaiden, killed by a titan, while praying... You died in The Dungeons of Doom on dungeon level 21 with 19455 points, and 355 pieces of gold, after 19697 moves. You were level 12 with a maximum of 99 hit points when you died.